 Dungeon Crawl Stone Soup version 0.26-a0-597-gb535b0901c (webtiles) character file.

Game seed: 5931735841586440529

(classic levelgen) 64 EnegeticOcto the Shield-Bearer (level 3, 10/34 HPs)
             Began as a Deep Dwarf Fighter on Sept 8, 2020.
             Quit the game on level 4 of the Dungeon.
             The game lasted 00:00:40 (489 turns).

EnegeticOcto the Shield-Bearer (Deep Dwarf Fighter)  Turns: 489, Time: 00:00:41

Health: 10/34      AC:  7    Str: 20      XL:     3   Next: 91%
Magic:  1/1        EV:  7    Int:  8      God:
Gold:   40         SH:  9    Dex:  8 (12) Spells: 2/2 levels left

rFire    . . .     SeeInvis .   a - +0 war axe
rCold    . . .     Faith    .   c - +0 kite shield
rNeg     . . .     Spirit   .   b - +0 scale mail
rPois    .         Reflect  .   (no helmet)
rElec    .         Harm     .   (no cloak)
rCorr    .                      (no gloves)
MR       .....                  (no boots)
Stlth    ..........             (no amulet)
HPRegen  0.00/turn              (no ring)
MPRegen  0.07/turn              (no ring)

@: non-regenerating
A: damage resistance, heal wounds, sense surroundings 1, no regeneration
a: Heal Wounds


You were on level 4 of the Dungeon.
You visited 1 branch of the dungeon, and saw 4 of its levels.

You collected 40 gold pieces.

Inventory:

Hand Weapons
 a - a +0 war axe (weapon)
Armour
 b - a +0 scale mail (worn)
 c - a +0 kite shield (worn)
Scrolls
 e - a scroll of identify {unknown}
 f - 2 scrolls of teleportation {unknown}
 g - 2 scrolls of noise {unknown}
 i - a scroll of enchant armour {unknown}
Potions
 d - a potion of might {@q3}
 h - a potion of flight {unknown}
 j - a potion of curing {unknown}


   Skills:
 + Level 3.1 Fighting
 * Level 3.4 Axes
 + Level 3.7 Armour
 + Level 3.7 Shields


You had 2 spell levels left.
You didn't know any spells.
Your spell library was empty.

Dungeon Overview and Level Annotations

Branches:
Dungeon (4/15)
 Temple: D:4-7

Altars:
Nemelex Xobeh

Annotations:
D:4 Eustachio


Innate Abilities, Weirdness & Mutations

You are resistant to damage.
You can heal yourself by infusing magical energy.
You passively map a small area around you.
You do not regenerate.


Message History

The quasit claws you but does no damage. x2
The crimson imp hits you but does no damage.
The crimson imp blinks!
Eustachio hits you with a +0 rapier.
The quasit bites you but does no damage.
You block the quasit's attack.
The quasit claws you but does no damage.
The crimson imp hits you but does no damage.
You closely miss Eustachio.
Eustachio is severely wounded.
You hit the quokka.
Your shield prevents you from hitting the quasit.
You barely miss the crimson imp.
The quokka bites you but does no damage.
The crimson imp blinks!
The quasit bites you but does no damage.
The quasit claws you but does no damage. x2
Eustachio brags, "I can call spirits from the vasty deep."
You block Eustachio's attack.
The crimson imp blinks!
You block the quokka's attack. The quasit barely misses you.
The quasit claws you.
The quasit claws you but does no damage.
Your shield and scale mail prevent you from hitting Eustachio.
Eustachio is severely wounded.
You slash the quokka!
You kill the quokka!
The quokka's corpse disappears in a puff of smoke!
You hit the quasit. You hit the river rat. The bat hits you but does no damage.
You block Eustachio's attack. The river rat barely misses you.
You block the quasit's attack. x2; The quasit barely misses you.
The crimson imp blinks!
The bat hits you but does no damage. The bat barely misses you.
The river rat bites you. Eustachio hits you but does no damage.
You slash Eustachio!
Eustachio is almost dead.
You slash the bat!
You kill the bat!
The bat's corpse disappears in a puff of smoke!
You miss the quasit. You barely miss the river rat. You hit the bat.
You kill the bat!
The bat's corpse disappears in a puff of smoke!
The quasit bites you. The quasit barely misses you.
You block the quasit's attack. The quasit bites you.
You block the quasit's attack.
The quasit claws you but does no damage.
The river rat bites you!
* * * LOW HITPOINT WARNING * * *
Eustachio gestures wildly while chanting.
The crimson imp blinks!
You are too injured to fight recklessly!
You are too injured to fight recklessly!
You are too injured to fight recklessly!
You are too injured to fight recklessly!
You are too injured to fight recklessly!
You are too injured to fight recklessly!
You are too injured to fight recklessly!
You are too injured to fight recklessly!
You are too injured to fight recklessly!
You are too injured to fight recklessly!
You are too injured to fight recklessly!
You are too injured to fight recklessly!
You are too injured to fight recklessly!
You are too injured to fight recklessly!
You are too injured to fight recklessly!
You are too injured to fight recklessly!
You are too injured to fight recklessly!
You are too injured to fight recklessly!
You are too injured to fight recklessly!
You are too injured to fight recklessly!
You are too injured to fight recklessly!
You are too injured to fight recklessly!
You are too injured to fight recklessly!
You are too injured to fight recklessly!
You are too injured to fight recklessly!
You are too injured to fight recklessly!
You are too injured to fight recklessly!
You fail to use your ability.
The crimson imp disappears in a puff of smoke!
The quasit bites you. You block the quasit's attack.
The quasit claws you but does no damage.
You block the river rat's attack. You block Eustachio's attack.
The quasit barely misses you.
The quasit claws you but does no damage.
The quasit barely misses you.
You are too injured to fight recklessly!
You are too injured to fight recklessly!
You are too injured to fight recklessly!
You are too injured to fight recklessly!
You are too injured to fight recklessly!
You are too injured to fight recklessly!
You are too injured to fight recklessly!
You are too injured to fight recklessly!
You are too injured to fight recklessly!
You are too injured to fight recklessly!
You are too injured to fight recklessly!
You are too injured to fight recklessly!
You are too injured to fight recklessly!
You are too injured to fight recklessly!
Are you sure you want to abandon this character and quit the game? (Confirm with "yes".)
Okay, then.
Are you sure you want to abandon this character and quit the game? (Confirm with "yes".)

≈ *, *, * ≈, ### .#
,#....# ≈ , ≈ ≈
#.##.#...P≈≈###+# , ,
#....#....≈≈#...## **
#.#..#....≈≈#ggg#.
,#.#..#....≈≈#####≈ *
#5#..#....≈≈≈≈≈≈≈≈ , ,
,#@§r.#....≈≈≈≈≈≈≈≈
......r§@#.#.....P......
#......r.+..............
#.......r#############..
#........# #........
#........# #........
#........# #........
#........# #.<...... *
#........


You could see Eustachio, a quasit (summoned), 2 river rats and 2 rats.

Vanquished Creatures
  A worker ant (D:3)
  An adder (D:2)
  2 oozes
  A worm (D:3)
  A giant cockroach (D:3)
  3 goblins
  4 hobgoblins
  2 bats
  2 frilled lizards (D:1)
  3 kobolds
  4 rats
24 creatures vanquished.

Notes
Turn   | Place    | Note
-------+----------+-------------------------------------------
     0 | D:1      | EnegeticOcto the Deep Dwarf Fighter began the quest for the
                  | Orb.
     0 | D:1      | Reached XP level 1. HP: 20/20 MP: 1/1
    85 | D:1      | Reached XP level 2. HP: 25/27 MP: 2/2
   205 | D:3      | Reached XP level 3. HP: 15/34 MP: 3/3
   239 | D:2      | Found a sparkling altar of Nemelex Xobeh.
   444 | D:4      | Noticed Eustachio
   489 | D:4      | Quit the game

Illustrated notes

Levels and vault maps discovered:
D:1:      wander_arrival_lonely_grave, layout_basic, minivault_4,
          solitary_fountain, minivault_19
D:2:      layout_loops_cross, nemelex_xobeh_ov_fountains_minmay
D:3:      layout_basic, okawaru_gym_becter
D:4:      lemuel_castle_with_subvaults [lemuel_castle_interior_carwin_2],
          layout_basic, nicolae_overflow_hidden_temple, serial_rivers,
          chequers_serial_rivers_room_b, chequers_serial_rivers_micro_d,
          chequers_serial_rivers_micro_d, chequers_serial_rivers_micro_d,
          uniq_eustachio

Skill      XL: |  1  2 |
---------------+-------+-----
Axes           | 3 |  3.4
Fighting       | 3 |  3.1
Armour         | |  3.7
Shields        | |  3.7

Action                   || total
-------------------------++-------
Melee: War axe           ||   123
 Abil: Heal Wounds       ||     2
Armor: Scale mail        ||   105
Dodge: Dodged            ||    54
Block: Kite shield       ||   102

Table legend: (Time is in decaauts)
 A = Elapsed time spent in this place.
 B = Non-inter-level travel time spent in this place.
 C = Inter-level travel time spent in this place.
 D = Time resting spent in this place.
 E = Time spent auto-exploring this place.
 F = Levels seen in this place.
 G = Mean time per level.
                   A        B        C        D        E       F      G
               +--------+--------+--------+--------+--------+-----+--------+
         Total |    542 |    460 |     82 |      0 |    178 |   4 |  135.5 |
       Dungeon |    542 |    460 |     82 |      0 |    178 |   4 |  135.5 |
               +--------+--------+--------+--------+--------+-----+--------+

Top non-repeatable levels by time:
     D:3: 196 daAuts
     D:2: 156 daAuts
     D:1: 105 daAuts
     D:4: 84 daAuts
